 Dungeon Crawl Stone Soup version 0.28.0-43-g3370ac3207 (webtiles) character file.

Game seed: 6671080582193127649

632 sking99 the Caller (level 7, -5/57 HPs)
             Began as a Yellow Draconian Summoner on Mar 17, 2022.
             Slain by a hornet (11 damage)
             ... while paralysed by a hornet
             ... on level 5 of the Dungeon.
             The game lasted 00:10:43 (5217 turns).

sking99 the Caller (Yellow Draconian Summoner)      Turns: 5217, Time: 00:10:43

Health: -5/57      AC:  7    Str: 11    XL:     7   Next: 24%
Magic:  3/12       EV:  2    Int: 17    God:
Gold:   135        SH:  0    Dex: 11    Spells: 4/13 levels left

rFire   . . .      SeeInvis .   g - +6 demon trident (drain)
rCold   . . .      Faith    .   (no shield)
rNeg    . . .      Spirit   .   (armour unavailable)
rPois   .          Reflect  .   j - +0 hat
rElec   .          Harm     .   i - +0 cloak
rCorr   +          Rampage  .   (no gloves)
Will    .....                   (no boots)
Stlth   ++........              (no amulet)
HPRegen 0.19/turn               (no ring)
MPRegen 0.13/turn               (no ring)

@: paralysed, slowed, invisible
A: spit acid, AC +6, unfitting armour, cold-blooded, acid resistance
a: Breathe Acid


You were on level 5 of the Dungeon.
You visited 1 branch of the dungeon, and saw 5 of its levels.

You collected 135 gold pieces.

Inventory:

Hand Weapons
 g - a +6 demon trident of draining (weapon)
Armour
 d - a scarf of repulsion
 i - a +0 cloak (worn)
 j - a +0 hat (worn)
Jewellery
 k - a ring of protection from cold
Wands
 h - a wand of digging (2)
Scrolls
 a - a scroll of immolation
 m - a scroll of identify
Potions
 b - 3 potions of brilliance
 c - 2 potions of mutation {unknown}
 e - a potion of degeneration
 f - 2 potions of berserk rage
 n - a potion of flight {unknown}


   Skills:
 + Level 3.6 Fighting
 + Level 1.6 Polearms
 - Level 1.7 Dodging
 - Level 1.7 Stealth
 + Level 3.8 Spellcasting
 + Level 1.6 Hexes
 * Level 6.5 Summonings


You had 4 spell levels left.
You knew the following spells:

 Your Spells              Type           Power      Damage    Failure   Level
a - Summon Small Mammal   Summ           100%       N/A       1%          1
b - Call Imp              Summ           25%        N/A       1%          2
c - Call Canine Familiar  Summ           25%        N/A       3%          3
d - Summon Guardian Gole  Hex/Summ       17%        N/A       9%          3

Your spell library contained the following spells:

 Spells                   Type           Power      Damage    Failure   Level
 Summon Lightning Spire   Summ/Air       14%        N/A       38%         4


Dungeon Overview and Level Annotations

Branches:
Dungeon (5/15)
 Temple: D:4-7

Altars:
Fedhas

Shops:
D:4 *:(


Innate Abilities, Weirdness & Mutations

You can spit globs of acid.
Your golden yellow scales are hard. (AC +6)
You cannot fit into any form of body armour.
You are cold-blooded and may be slowed by cold attacks.
You are resistant to acid. (rCorr)


Message History

The hound is heavily wounded.
The hound misses you. The hound barely misses you.
Your white imp closely misses the hound.
You puncture the hound!
You kill the hound!
The hornet stings your white imp!
Your white imp dies!
Your white imp disappears in a puff of smoke!
Casting: Call Canine Familiar (dangerous; 3% risk of failure)
Confirm with . or Enter, or press ? or * to list all spells.
A beastly little devil appears in a puff of flame.
The hornet stings your hound!
Your hound seems to slow down.
Your hound barely misses the hornet.
The hornet stings your hound!!
Your hound dies!
Your hound's corpse disappears in a puff of smoke!
Casting: Call Imp (safe; 1% risk of failure)
Confirm with . or Enter, or press ? or * to list all spells.
You miss the hornet.
The hornet is lightly wounded.
The hornet barely misses you.
Your hound closely misses the hornet.
The hornet closely misses you.
You miss the hornet.
The hornet is lightly wounded.
Your hound closely misses the hornet.
The hornet stings you!
* * * LOW HITPOINT WARNING * * *
You feel yourself slow down.
Your hound completely misses the hornet.
The hornet closely misses you.
You hit the hornet.
You tail-slap the hornet, but do no damage.
The hornet is lightly wounded.
Your hound barely misses the hornet.
The hornet stings you.
* * * LOW HITPOINT WARNING * * *
You suddenly lose the ability to move!
Your hound bites the hornet.
The hornet stings you.
* * * LOW HITPOINT WARNING * * *
You shrug off the repeated paralysis!
Your hound barely misses the hornet.
The hornet stings you!
You die...

#.# #.#
#.# #.#
#.# #.#
#5#
#.####h#
#....y@#
#?######


You could see a hornet (ally target), a friendly hound (summoned) and a friendly
crimson imp (summoned).

Vanquished Creatures
  Edmund (D:5)
  A water moccasin zombie (D:5)
  3 hounds
  A centaur zombie (D:4)
  A hound skeleton (D:2)
  3 gnolls (D:4)
  An adder (D:5)
  A worm (D:4)
  2 orcs (D:4)
  2 ball pythons (D:1)
  2 endoplasms (D:1)
  2 giant cockroaches
  2 goblins
  4 hobgoblins (D:1)
  2 jackals (D:4)
  4 quokkas
  A bat (D:1)
  3 kobolds
36 creatures vanquished.

Vanquished Creatures (collateral kills)
  Sigmund (D:2)
  A hound (D:5)
  2 worms
  8 orcs
  An endoplasm (D:3)
  3 giant cockroaches
  4 hobgoblins
  4 jackals
  A quokka (D:4)
  4 ball pythons (D:2)
  2 bats
  2 frilled lizards
  5 goblins
  6 kobolds
  6 rats
50 creatures vanquished.

Grand Total: 86 creatures vanquished

Notes
Turn   | Place    | Note
-------+----------+-------------------------------------------
     0 | D:1      | sking99 the Draconian Summoner began the quest for the Orb.
     0 | D:1      | Reached XP level 1. HP: 14/14 MP: 3/3
   367 | D:1      | Reached XP level 2. HP: 22/22 MP: 1/5
   712 | D:1      | Reached skill level 1 in Fighting
   871 | D:1      | Learned a level 2 spell: Call Imp
  1248 | D:2      | Reached XP level 3. HP: 14/28 MP: 0/6
  1627 | D:2      | Noticed Sigmund
  1888 | D:2      | Killed Sigmund
  1889 | D:2      | Reached skill level 5 in Summonings
  1889 | D:2      | Reached XP level 4. HP: 26/37 MP: 2/8
  1889 | D:2      | Reached XP level 5. HP: 29/42 MP: 2/9
  1981 | D:2      | Learned a level 3 spell: Call Canine Familiar
  2295 | D:2      | Identified the +3 hunting sling of Piyt {speed, rCorr Int-2
                  | SInv Stlth+}
  2918 | D:3      | Learned a level 3 spell: Summon Guardian Golem
  3094 | D:3      | Found a blossoming altar of Fedhas.
  3227 | D:3      | Reached XP level 6. HP: 45/50 MP: 9/11
  3707 | D:4      | Identified a scroll of acquirement
  3707 | D:4      | Acquired a +6 demon trident of draining
  4021 | D:4      | Found Qiat's Gadget Gallery.
  4398 | D:4      | Reached skill level 6 in Summonings
  4795 | D:4      | Found Zosoat's Weapon Shoppe.
  4909 | D:4      | Found Lejacigi's Book Shop.
  4960 | D:5      | Entered Level 5 of the Dungeon
  4966 | D:5      | Reached skill level 1 in Hexes
  4968 | D:5      | Noticed Edmund
  5035 | D:5      | Killed Edmund
  5036 | D:5      | Reached skill level 1 in Polearms
  5045 | D:5      | Your scales start taking on a golden yellow colour.
  5045 | D:5      | Reached XP level 7. HP: 49/57 MP: 5/12
  5045 | D:5      | Gained mutation: You are resistant to acid. (rCorr) [Yellow
                  | Draconian growth]
  5196 | D:5      | Noticed a hornet
  5200 | D:5      | Paralysed by a hornet for 2 turns
  5217 | D:5      | Paralysed by a hornet for 3 turns
  5217 | D:5      | Slain by a hornet

Illustrated notes

Levels and vault maps discovered:
D:1:      dpeg_arrival_round_b, layout_loops_ring, minmay_misc_feat_room,
          minmay_split_cup_small
D:2:      layout_basic, uniq_sigmund
D:3:      layout_basic, lemuel_round_altar
D:4:      layout_layer_cave, gup_sewer_entry_spiral, serial_shops,
          nicolae_shop_hallway_plus, nicolae_lakefront_shop,
          chequers_serial_rivers_marsh, nicolae_shop_gadgets
D:5:      layout_loops_ring, tso_oasis_becter, temple_statues, uniq_edmund

Skill      XL: |  1  2  3  4  5  6 |
---------------+-------------------+-----
Fighting       | 1 2 3 |  3.6
Spellcasting   | 3 |  3.8
Summonings     | 5 6 |  6.5
Hexes          | 1 |  1.6
Polearms       | 1 |  1.6
Dodging        | |  1.7
Stealth        | |  1.7

Action                   |  1- 3 |  4- 6 |  7- 9 || total
-------------------------+-------+-------+-------++-------
Melee: Unarmed           |    11 |       |       ||    11
       Tailslap          |     8 |    10 |     1 ||    19
       Dagger            |    37 |    37 |       ||    74
       Demon trident     |       |    45 |    12 ||    57
       Punch             |       |     1 |       ||     1
 Cast: Summon Small Mamm |    36 |    14 |       ||    50
       Call Imp          |    10 |    20 |     2 ||    32
       Call Canine Famil |       |    20 |     2 ||    22
       Summon Guardian G |       |     2 |       ||     2
 Abil: Breathe Acid      |       |       |     1 ||     1
  Use: Scroll            |       |     6 |       ||     6
       Potion            |       |       |     1 ||     1
 Stab: Sleeping          |       |     4 |     1 ||     5
       Distracted        |       |     2 |       ||     2
Armor: Skin              |    17 |    20 |     1 ||    38
Dodge: Dodged            |    55 |    56 |     9 ||   120
